 Dungeon Crawl Stone Soup version 0.29.1-13-g9f3cf754e1 (webtiles) character file.

Game seed: 9558038739380327369

253 KittyFluff the Cudgeller (level 6, -4/57 HPs)
             Began as a Gargoyle Berserker on Feb 7, 2023.
             Was a Believer of Trog.
             Slain by Edmund
             ... wielding a +3 dire flail of protection
              (6 damage)
             ... on level 4 of the Dungeon.
             The game lasted 00:15:17 (2958 turns).

KittyFluff the Cudgeller (Gargoyle Berserker)       Turns: 2958, Time: 00:15:17

Health: -4/57      AC: 12    Str: 20    XL:     6   Next: 14%
Magic:  6/6        EV: 12    Int:  8    God:    Trog [**....]
Gold:   176        SH:  0    Dex: 11    Spells: 5/5 levels left

rFire   . . .      SeeInvis .   a - +0 mace
rCold   . . .      Faith    .   (no shield)
rNeg    + + .      Spirit   .   f - +0 leather armour
rPois   ∞          Reflect  .   j - +2 hat {Stlth+}
rElec   +          Harm     .   m - +0 cloak {Will+}
rCorr   .          Rampage  .   v - +0 pair of gloves
Will    +....                   (no boots)
Stlth   ..........              (no amulet)
HPRegen 0.19/turn               g - ring of positive energy
MPRegen 0.10/turn               (no ring)

@: berserking (expiring), very quick
A: sickness immunity, AC +4, negative energy resistance 1, electricity
resistance, torment resistance 1, petrification resistance
a: Renounce Religion, Berserk, Trog's Hand


You were on level 4 of the Dungeon.
You worshipped Trog.
Trog was pleased with you.
You visited 1 branch of the dungeon, and saw 4 of its levels.

You collected 176 gold pieces.

Inventory:

Hand Weapons
 a - a +0 mace (weapon)
 l - a +3 quarterstaff of chaos
Missiles
 d - 6 boomerangs (quivered)
 h - 14 stones
Armour
 f - a +0 leather armour (worn)
 j - a +2 hat of stealth (worn)
 m - a +0 cloak of willpower (worn)
 s - a +0 helmet
 v - a +0 pair of gloves (worn)
Jewellery
 g - a ring of positive energy (left hand)
Wands
 q - a wand of mindburst (7)
Scrolls
 b - a scroll of fear {unknown}
 c - a scroll of blinking {unknown}
 e - a scroll of brand weapon {unknown}
 i - 3 scrolls of silence
 n - a scroll of vulnerability {unknown}
 o - a scroll of immolation {unknown}
 u - a scroll of identify {unknown}
 w - a scroll of noise {unknown}
Potions
 k - 2 potions of haste {unknown}
 p - 2 potions of brilliance {unknown}
 r - a potion of attraction {unknown}
 t - a potion of curing {unknown}


   Skills:
 + Level 4.3 Fighting
 + Level 4.9 Maces & Flails
 * Level 3.4 Armour
 + Level 2.3 Dodging
 + Level 1.4 Stealth


You had 5 spell levels left.
You didn't know any spells.
Your spell library was empty.

Dungeon Overview and Level Annotations

Branches:
Dungeon (4/15)
 Temple: D:4-7

Altars:
Kikubaaqudgha
Sif Muna
Vehumet

Annotations:
D:4 Edmund


Innate Abilities, Weirdness & Mutations

You are immune to sickness and miasma.
Your stone body is resilient. (AC +4)
You are immune to poison.
You resist negative energy. (rN+)
You are resistant to electric shocks. (rElec)
You are resistant to unholy torment.
You are immune to petrification.


Message History

You hit Edmund but do no damage.
Edmund is lightly wounded.
Edmund hits you with a +3 dire flail of protection!
* * * LOW HITPOINT WARNING * * *
A red film seems to cover your vision as you go berserk!
You feel yourself moving faster!
You feel mighty!
Edmund hits you with a +3 dire flail of protection.
* * * LOW HITPOINT WARNING * * *
You hit Edmund.
Edmund is lightly wounded.
Edmund hits you with a +3 dire flail of protection.
* * * LOW HITPOINT WARNING * * *
You thump Edmund!
Edmund is moderately wounded.
Edmund hits you with a +3 dire flail of protection.
* * * LOW HITPOINT WARNING * * *
You hit Edmund. Your punch misses Edmund.
Edmund is heavily wounded.
Edmund barely misses you.
You sock Edmund!
Edmund is severely wounded.
You barely miss Edmund.
Edmund is severely wounded.
Edmund hits you but does no damage.
You hit Edmund.
Edmund is almost dead.
Edmund hits you with a +3 dire flail of protection!
* * * LOW HITPOINT WARNING * * *
You closely miss Edmund.
Edmund is almost dead.
You closely miss Edmund.
Edmund is almost dead.
Edmund barely misses you.
You hit Edmund but do no damage.
Edmund is almost dead.
Edmund closely misses you.
You hit Edmund but do no damage.
Edmund is almost dead.
Edmund hits you with a +3 dire flail of protection.
You die...

#........### ..# ..
...........## #.# #..
............####.## ....
.......@.....##...##....
..$.l@.....#)...........
...........#.#......#...
..........####......#
.........###.@......#
..........#.@.......#
..........##........#
.......##..#.....####
....... #.......#
##..... ###...### ###..#
##.## ###


You could see Edmund.

Vanquished Creatures
  Crazy Yiuf (D:2)
  6 orc wizards (D:3)
  2 adders (D:3)
  2 worms
  2 dart slugs
  An orc (D:3)
  5 endoplasms
  4 giant cockroaches
  3 goblins
  3 hobgoblins
  3 quokkas
  2 ball pythons (D:2)
  5 bats
  4 frilled lizards
  4 kobolds
  6 rats
53 creatures vanquished.

Notes
Turn   | Place    | Note
-------+----------+-------------------------------------------
     0 | D:1      | KittyFluff the Gargoyle Berserker began the quest for the
                  | Orb.
     0 | D:1      | Reached XP level 1. HP: 14/14 MP: 1/1
   258 | D:1      | Found a faded altar of an unknown god.
   262 | D:1      | Reached XP level 2. HP: 19/19 MP: 2/2
   902 | D:2      | Found a runed translucent door.
   903 | D:2      | Noticed Crazy Yiuf
   911 | D:2      | Killed Crazy Yiuf
   912 | D:2      | Reached XP level 3. HP: 9/24 MP: 3/3
  1628 | D:2      | Reached XP level 4. HP: 29/29 MP: 4/4
  1826 | D:3      | Reached ** piety under Trog
  2468 | D:3      | Found a radiant altar of Vehumet.
  2480 | D:3      | Reached skill level 1 in Stealth
  2480 | D:3      | Reached XP level 5. HP: 27/33 MP: 5/5
  2537 | D:3      | Found an ancient bone altar of Kikubaaqudgha.
  2552 | D:3      | Found a shimmering blue altar of Sif Muna.
  2572 | D:3      | Reached XP level 6. HP: 7/38 MP: 6/6
  2927 | D:4      | Noticed Edmund
  2954 | D:4      | HP: 1/57 [Edmund/+3 dire flail of protection (7)]
  2958 | D:4      | Slain by Edmund

Illustrated notes

Levels and vault maps discovered:
D:1:      dpeg_arrival_renting, layout_loops_cross,
          shapermc_ecumenical_altar_pompeii
D:2:      layout_loops_corners, serial_bayou_ford_a, grunt_ministairs_10,
          uniq_crazy_yiuf_cottage
D:3:      layout_basic, palyth_temple_overflow_mages
D:4:      layout_cave_pools, grunt_dithmenos_smoke_and_mirrors, uniq_pikel,
          uniq_edmund, uniq_eustachio

Skill      XL: |  1  2  3  4 |
---------------+-------------+-----
Fighting       | 4 |  4.3
Maces & Flails | 4 |  4.9
Dodging        | 2 |  2.3
Armour         | 3 |  3.4
Stealth        | 1 |  1.4

Action                   |  1- 3 |  4- 6 || total
-------------------------+-------+-------++-------
Melee: Mace              |    77 |   129 ||   206
       Punch             |     1 |     1 ||     2
Throw: Boomerang         |       |     2 ||     2
Invok: Berserk           |       |     2 ||     2
  Use: Scroll            |       |     1 ||     1
 Stab: Sleeping          |     1 |     2 ||     3
Armor: Animal skin       |    29 |       ||    29
       Leather armour    |     9 |    73 ||    82
Dodge: Dodged            |    60 |    66 ||   126
